 Dungeon Crawl Stone Soup version 0.29.0-4-gdea44cf6ec (webtiles) character file.

Game seed: 11178963036776929358

24 qw the Sneak (level 3, -1/23 HPs)
             Began as a Gargoyle Delver on Sept 10, 2022.
             Was an Initiate of Okawaru.
             Slain by an adder (3 damage)
             ... on level 5 of the Dungeon.
             The game lasted 00:00:04 (214 turns).

qw the Sneak (Gargoyle Delver)                       Turns: 214, Time: 00:00:05

Health: -1/23      AC:  6    Str: 17    XL:     3   Next: 2%
Magic:  3/3        EV: 11    Int: 10    God:    Okawaru [......]
Gold:   43         SH:  0    Dex: 11    Spells: 2/2 levels left

rFire   . . .      SeeInvis .   a - +0 hand axe
rCold   . . .      Faith    .   (no shield)
rNeg    + . .      Spirit   .   b - +0 leather armour
rPois   inf        Reflect  .   (no helmet)
rElec   +          Harm     .   (no cloak)
rCorr   .          Rampage  .   (no gloves)
Will    .....                   (no boots)
Stlth   +++.......              (no amulet)
HPRegen 0.07/turn               (no ring)
MPRegen 0.08/turn               (no ring)

@: no status effects
A: sickness immunity, AC +3, negative energy resistance 1, electricity
resistance, torment resistance 1, petrification resistance
a: Renounce Religion


You were on level 5 of the Dungeon.
You worshipped Okawaru.
Okawaru was noncommittal.
You visited 2 branches of the dungeon, and saw 2 of its levels.

You collected 43 gold pieces.


Innate Abilities, Weirdness & Mutations

You are immune to sickness and miasma.
Your stone body is resilient. (AC +3)
You are immune to poison.
You resist negative energy. (rN+)
You are resistant to electric shocks. (rElec)
You are resistant to unholy torment.
You are immune to petrification.


   Skills:
 - Level 3.2 Fighting
 + Level 3.1 Axes
 - Level 1.5 Dodging
 - Level 5.4 Stealth


You had 2 spell levels left.
You didn't know any spells.
Your spell library was empty.

Inventory:

Hand Weapons
 a - a +0 hand axe (weapon)
Armour
 b - a +0 leather armour (worn)
Wands
 g - a wand of digging (3)
Potions
 f - a potion of haste

Dungeon Overview and Level Annotations

Branches:
Dungeon (5/15)             Temple (1/1) D:5

Altars:
Cheibriados
Dithmenos
Elyvilon
Fedhas
Gozag
Hepliaklqana
Kikubaaqudgha
Okawaru
Qazlal
Ru
Sif Muna
Trog
Wu Jian


Message History

You hit the iguana but do no damage. The iguana bites you.
You barely miss the iguana. The iguana bites you.
You completely miss the iguana. The iguana barely misses you.
The iguana closely misses you.
You barely miss the iguana.
The iguana bites you but does no damage.
You hit the iguana. You punch the iguana, but do no damage.
The iguana is moderately wounded.
The iguana barely misses you.
You hit the iguana.
The iguana is heavily wounded.
The iguana bites you but does no damage.
You closely miss the iguana.
The iguana is heavily wounded.
The iguana closely misses you. The iguana barely misses you.
You barely miss the iguana.
The iguana is heavily wounded.
The iguana closely misses you.
You hit the iguana.
The iguana is severely wounded.
The iguana bites you.
You hit the iguana.
The iguana is almost dead.
The iguana bites you but does no damage.
You hit the iguana.
You kill the iguana!
Okawaru is honoured by your kill. The adder bites you.
Your Axes skill gained 2 levels and is now at level 3!
You have reached level 2!
You have reached level 3!
Your experience leads to an increase in your attributes!
Increase (S)trength, (I)ntelligence, or (D)exterity?
You feel stronger. x2
You barely miss the adder. The adder barely misses you. The adder misses you.
You barely miss the adder. The adder bites you.
You die...

.....##..#############
#.#. ... #..........
..#. . #.#########
#####. ###.###....###
#..... #............#
#.#### #...######.#.#
#..... #. #.#.# ######
#.#.# #.#@# #+#S# .s.
..... .......
#........ #........+
#........#


You could see a scorpion and an adder.

Vanquished Creatures
  An iguana (D:5)
1 creature vanquished.

Notes
Turn   | Place    | Note
-------+----------+-------------------------------------------
     0 | D:5      | qw the Gargoyle Delver began the quest for the Orb.
     0 | D:5      | Reached XP level 1. HP: 14/14 MP: 1/1
     0 | D:5      | 0 ||| qw: Version: 0.1-a-116-g5d60599
     0 | D:5      | 0 ||| qw: Game counter: 8268
     0 | D:5      | 0 ||| qw: Always use a shield: true
     0 | D:5      | 0 ||| qw: God list: Okawaru
     0 | D:5      | 0 ||| qw: Allow faded altars: false
     0 | D:5      | 0 ||| qw: Do Orc after D:15 true
     0 | D:5      | 0 ||| qw: Do second Lair branch before Depths: true
     0 | D:5      | 0 ||| qw: Lair rune preference: random
     0 | D:5      | 0 ||| qw: Plans: Normal
     0 | D:5      | 0 ||| PLANNING D:1-11
    65 | D:5      | Found a staircase to the Ecumenical Temple.
    67 | D:5      | 67 ||| PLANNING TEMPLE
    67 | D:5      | 67 ||| DROPPING scroll of fog.
    68 | D:5      | 68 ||| DROPPING scroll of magic mapping.
    69 | D:5      | 69 ||| DROPPING scroll of fear.
    74 | Temple   | Entered the Ecumenical Temple
   114 | Temple   | 114 ||| PLANNING D:1-11
   132 | Temple   | Became a worshipper of Warmaster Okawaru
   197 | D:5      | Noticed an iguana
   198 | D:5      | Noticed a scorpion
   212 | D:5      | Killed an iguana
   212 | D:5      | HP: 1/14 [adder (4)]
   213 | D:5      | Reached skill level 3 in Axes
   213 | D:5      | Reached XP level 2. HP: 2/19 MP: 2/2
   213 | D:5      | Reached XP level 3. HP: 2/23 MP: 3/3
   214 | D:5      | Slain by an adder

Levels and vault maps discovered:
D:5:      layout_basic, mainiacjoe_overflow_catwalk,
          minmay_temple_entry_offerings
Temple:   nicolae_temple_god_jail

Skill      XL: |  1 |
---------------+----+-----
Axes           | 3 |  3.1
Fighting       | |  3.2
Dodging        | |  1.5
Stealth        | |  5.4

Action                   || total
-------------------------++-------
Melee: Hand axe          ||    13
       Punch             ||     1
Armor: Leather armour    ||     3
Dodge: Dodged            ||     8

Table legend:
 A = Non-vault XP
 B = Vault XP
 C = Vault XP percentage of total XP
 D = Non-vault monster count
 E = Vault monster count
 F = Vault count percentage of total count
                 A         B        C        D         E       F
            +---------+---------+-------+---------+---------+-------
      Total |      35 |       0 |   0.0 |       1 |       0 |   0.0
            +---------+---------+-------+---------+---------+-------
        D:5 |      35 |       0 |   0.0 |       1 |       0 |   0.0
            +---------+---------+-------+---------+---------+-------
